 Dungeon Crawl Stone Soup version 0.18.1-48-g4cf74bf (webtiles) character file.

127 Heedrag the Conjurer (level 4, -7/24 HPs)
             Began as a Deep Elf Conjurer on July 30, 2016.
             Shot with a stone by a goblin (9 damage)
             ... on level 3 of the Dungeon.
             The game lasted 00:04:06 (1923 turns).

Heedrag the Conjurer (Deep Elf Conjurer)            Turns: 1923, Time: 00:04:07

Health: -7/24      AC:  3    Str:  6    XL:     4   Next: 85%
Magic:  1/12       EV: 13    Int: 20    God:
Gold:   31         SH:  0    Dex: 15    Spells: 3 memorised, 4 levels left

rFire  . . .     SeeInvis .     p - -2 dagger (curse)
rCold  . . .     Gourm    .     a - +0 robe
rNeg   . . .     Faith    +     (no shield)
rPois  .         Spirit   .     (no helmet)
rElec  .         Dismiss  .     (no cloak)
rCorr  .         Reflect  .     h - +0 pair of gloves (curse)
SustAt .         Harm     .     (no boots)
MR     .....                    f - amulet of faith
Stlth  ++........               (no ring)
                                (no ring)

@: very slightly contaminated, not resistant to hostile enchantments, unstealthy
A: no striking features
a: no special abilities


You were on level 3 of the Dungeon.
You were not hungry.

You visited 1 branch of the dungeon, and saw 3 of its levels.

You collected 31 gold pieces.

Inventory:

Hand Weapons
 g - a +0 short sword
 p - a cursed -2 dagger (weapon)
 u - a +2 short sword of protection
Armour
 a - a +0 robe (worn)
 h - a cursed +0 pair of gloves (worn)
 w - a +0 buckler
Jewellery
 f - an amulet of faith (around neck)
Scrolls
 d - 2 scrolls of blinking {unknown}
 e - a scroll of fog {unknown}
 j - a scroll of teleportation {unknown}
 k - 2 scrolls of enchant armour {unknown}
 l - 4 scrolls of identify {unknown}
 m - a scroll of recharging {unknown}
 r - 2 scrolls of immolation {unknown}
 s - a scroll of random uselessness {unknown}
Potions
 i - 2 potions of curing {unknown}
 o - a potion of brilliance {unknown}
 q - a potion of degeneration {unknown}
Books
 b - a book of Conjurations

   Spells                             Type                      Level
   a - Magic Dart                     Conjuration                  1
   b - Searing Ray                    Conjuration                  2
   c - Dazzling Spray                 Conjuration/Hexes            3
   d - Fulminant Prism                Conjuration/Hexes            4
   e - Iskenderun's Mystic Blast      Conjuration                  4
   f - Iskenderun's Battlesphere      Conjuration/Charms           5
Comestibles
 c - 3 bread rations
 n - 2 beef jerkies
 t - 2 fruits
 v - 6 chunks of flesh


   Skills:
 - Level 2.4 Dodging
 - Level 2.4 Stealth
 + Level 4.6 Spellcasting
 * Level 6.1 Conjurations


You had 4 spell levels left.
You knew the following spells:

 Your Spells              Type           Power        Failure   Level  Hunger
a - Magic Dart            Conj           ####         1%          1    None
b - Dazzling Spray        Conj/Hex       ###...       12%         3    ##.....
c - Iskenderun's Mystic   Conj           ####....     12%         4    ####...


Dungeon Overview and Level Annotations

Branches:
Dungeon (3/15)

Altars:

Annotations:
D:2 Sigmund
D:3 exclusion: upstairs


Message History

Castin': Magic Dart Confirm wit' . or Enter, or press ? or * ta list all spells.
Aimin': Magic Dart
Press: ? - help, Shift-Dir - straight line, f/p - worm
Aim: a worm (severely wounded) Tha magic dart hits tha worm.
Ye kill tha worm!
Tha goblin shouts!
Tha goblin wields a huntin' slin'.
Tha goblin shoots a stone.
Tha stone hits ye!
* * * LOW HITPOINT WARNIN'
* * * Castin': Magic Dart Confirm wit' . or Enter, or press ? or * ta list all spells.
Aimin': Magic Dart
Press: ? - help, Shift-Dir - straight line, f - goblin
Aim: a goblin, wieldin' a huntin' slin' Tha magic dart hits tha goblin.
Tha goblin be moderately wounded.
Tha goblin shoots a stone.
Tha stone hits ye!
Ye die...

+..÷.#.#.... #.
#.....)...#########.
#....#.##+##.....##.
+.....)..........##†
#..†.#.#.........##.
+....#.'............
#
#....###.......>....
#####g###....#
#............
.....†..)†.@)#
##########...
######.####### #...
... #... #.## #...
#. #... # ####


You could see a goblin.

Vanquished Creatures
  A worker ant (D:3)
  2 adders
  An ooze (D:3)
  A worm (D:3)
  2 dart slugs
  3 giant geckos
  9 orcs (D:3)
  5 bats
  3 giant cockroaches
  7 goblins
  6 hobgoblins
  2 jackals (D:3)
  9 kobolds
  2 quokkas (D:3)
  2 giant newts
  4 rats (D:1)
59 creatures vanquished.

Notes
Turn   | Place    | Note
--------------------------------------------------------------
     0 | D:1      | Heedrag the Deep Elf Conjurer began the quest for the Orb.
     0 | D:1      | Reached XP level 1. HP: 10/10 MP: 6/6
    96 | D:1      | Reached XP level 2. HP: 7/15 MP: 0/8
   573 | D:1      | Reached skill level 5 in Conjurations
   800 | D:2      | Reached XP level 3. HP: 19/19 MP: 5/10
   805 | D:2      | Learned a level 3 spell: Dazzling Spray
  1465 | D:2      | Noticed Sigmund
  1582 | D:3      | Reached XP level 4. HP: 24/24 MP: 4/12
  1593 | D:3      | Learned a level 4 spell: Iskenderun's Mystic Blast
  1794 | D:3      | Reached skill level 6 in Conjurations
  1923 | D:3      | Shot with a stone by a goblin

Skill      XL: |  1  2  3  4 |
---------------+-------------+-----
Conjurations   | 5 6 |  6.1
Spellcasting   | 4 |  4.6
Dodging        | |  2.4
Stealth        | |  2.4

Action                   |  1- 3 |  4- 6 || total
-------------------------+-------+-------++-------
Melee: Short sword       |     4 |       ||     4
 Cast: Magic Dart        |    81 |    44 ||   125
  Eat: Chunk             |     2 |     1 ||     3
Armor: Robe              |     1 |       ||     1
Dodge: Dodged            |     5 |    15 ||    20
